AoeStats
← kable.xpress

Arabia

507383344Analyzed
1v1 RM · 15d ago on Sep 18, 2026· 55m 45s· 2 players
Game mode
Random Map
Map size
Tiny (2 player)
Population
200
Speed
Normal
Resources
Standard
Victory
Conquest
Starting age
Dark Age
Ending age
Imperial Age
RankedLock teamsTeams togetherTeam positionsShared explorationLock speedFull tech treeHidden civsTurbo modeCheats
Victory
Defeat
🇺🇾 Italians · Uruguay
2070
+20
🇦🇷 Saracens · Argentina
2169
-20
DS_Alec
6:06 Loom
8:26 Feudal Age
9:38 Double-Bit Axe
14:23 Fletching
15:23 Padded Archer Armor
25:14 Castle Age
23:55 Gold Mining
25:18 Crossbowman
25:53 Bodkin Arrow
30:25 Bow Saw
31:54 Ballistics
38:08 Imperial Age
36:57 Wheelbarrow
37:23 Redemption
38:14 Sanctity
39:08 Bracer
39:53 Leather Archer Armor
40:48 Chemistry
41:04 Thumb Ring
41:43 Arbalester
43:20 Block Printing
46:43 Conscription
49:34 Guard Tower
49:20 Elite Genoese Crossbowman
52:43 Cavalier
53:33 Bloodlines
53:24 Husbandry
53:51 Scale Barding Armor
54:17 Ring Archer Armor
56:00 Chain Barding Armor
kable.xpress
6:38 Loom
8:49 Feudal Age
9:26 Double-Bit Axe
9:28 Town Watch
20:45 Castle Age
19:32 Fletching
21:24 Bodkin Arrow
30:09 Bow Saw
32:18 Wheelbarrow
34:04 Hand Cart
38:34 Imperial Age
37:52 Scale Barding Armor
37:50 Light Cavalry
38:40 Bloodlines
38:30 Husbandry
38:54 Chain Barding Armor
40:10 Plate Barding Armor
40:07 Conscription
39:20 Hussar
40:58 Forging
42:57 Iron Casting
47:23 Bracer
47:23 Padded Archer Armor
46:45 Elite Skirmisher
48:10 Horse Collar
48:22 Gold Mining
48:22 Stone Mining
49:25 Leather Archer Armor
49:31 Ballistics
50:39 Ring Archer Armor
54:46 Heavy Plow
Connection lost

Rejoining the realm…

Still unreachable

The connection could not be restored.

Session expired

The server has moved on; the page needs a fresh start.